 Dungeon Sprint DCSS version 0.24.0-37-gcf1ca852f1 (webtiles) character file.

Game seed: 4017606811280673136, levelgen mode: deterministic

9200000 Groucho the Axe Maniac (level 27, -38/323 HPs)
             Began as a Demonspawn Assassin on Nov 25, 2019.
             Was the Champion of Makhleb.
             Killed from afar by an observer (43 damage)
             ... with a fireball
             ... in the Dungeon (Sprint VIII: "Arena of Blood").
             The game lasted 00:04:50 (92 turns).

Groucho the Axe Maniac (Demonspawn Assassin)          Turns: 92, Time: 00:04:51

Health: -38/323    AC: 10    Str: 20    XL:     27
Magic:  0/54       EV: 44    Int: 13    God:    Makhleb [******]
Gold:   0          SH:  0    Dex: 29    Spells: 80/80 levels left

rFire    . . .     SeeInvis .   m - +∞ Axe of Woe
rCold    . . .     Gourm    .   (shield currently unavailable)
rNeg     . . .     Faith    .   b - +0 robe
rPois    .         Spirit   +   (no helmet)
rElec    .         Reflect  .   c - +0 cloak
rCorr    +         Harm     .   (no gloves)
MR       ++...     NoTele   +   (boots unavailable)
Stlth    ++++++++++             (no amulet)
HPRegen  0.63/turn              (no ring)
MPRegen  0.68/turn              (no ring)

@: mighty, agile
A: talons 3, yellow scales 3, powered by pain 3, robust 3, magic shield, magic
regeneration, magic link
a: Minor Destruction, Lesser Servant of Makhleb, Major Destruction, Greater
Servant of Makhleb, Renounce Religion


You were in the Dungeon.
You worshipped Makhleb.
Makhleb was exalted by your worship.
You were not hungry.

You visited 1 branch

Inventory:

Hand Weapons
 a - a +2 dagger
 m - the +∞ Axe of Woe (weapon)
   (You found it in the Dungeon)
 n - a +9 great sword of slicing
Missiles
 d - 8 poisoned darts (quivered)
 e - 2 curare-tipped darts
Armour
 b - a +0 robe (worn)
 c - a +0 cloak (worn)
Jewellery
 h - a +200 ring of slaying
 o - a +200 ring of slaying
 p - a +200 ring of slaying
 q - a +200 ring of slaying
Scrolls
 l - a scroll of blinking
Potions
 g - a potion of curing
 i - a potion of haste
 j - 2 potions of magic
 k - a potion of berserk rage
Comestibles
 f - a ration


   Skills:
 O Level 27 Fighting
 O Level 27 Short Blades
 O Level 27 Long Blades
 O Level 27 Axes
 O Level 27 Throwing
 O Level 27 Armour
 O Level 27 Dodging
 O Level 27 Stealth
 O Level 27 Unarmed Combat
 O Level 27 Spellcasting
 O Level 27 Invocations


You had 80 spell levels left.
You didn't know any spells.
Your spell library was empty.

Dungeon Overview and Level Annotations

Branches:
Dungeon (1/1)

Altars:
Makhleb


Innate Abilities, Weirdness & Mutations

You have claws for feet.
You are completely covered in yellow scales. (AC +4, rCorr)
You are powered by pain.
You are extremely robust. (+30% HP)
When hurt, damage is shared between your health and your magic reserves.
You regenerate magic rapidly.
When low on magic, you restore magic in place of health.


Message History

You focus on the pain.
You feel mightier all of a sudden.
A meat berserker comes into view. It is wielding a +9 battleaxe.
The accursed casts a spell at you. Something smites you!
* * * LOW HITPOINT WARNING * * *
You hear a shout!
The dread calls on the powers of darkness!
The bag of meat convulses! x5; Your body is wracked with pain!
* * * LOW HITPOINT WARNING * * *
The meat berserker convulses!
Something is bathed in an unholy light! x2
You hear a shout! x2
The dread throws damnation at you.
The sphere of damnation explodes!
The damnation engulfs you!!
* * * LOW HITPOINT WARNING * * *
You focus on the pain.
You feel your power returning.
You hear a shout!
You feel something staring at you.
A fireball appears from out of thin air!
The fireball explodes!
The fireball engulfs you!!!
You die... .. ....... oO ..... #o ...M# #Wo

...# .. .###..
...###...
...Woo###........
....o☼○_)))......
#§)☼))# #_)@)_#
#.))))#
.....§_...O.
......###.....W
.###.O ...###..
#.. ...# . #o.
%..# .. .....


You could see an accursed, 3 dreads, 3 meat berserkers and 7 bags of meat.

Vanquished Creatures
  Sigmund (D)
  4 hell beasts (D)
  2 greater mummies (D)
  A wraith (D)
  12 vampire knights (D)
  25 ogres (D)
  3 two-headed ogres (D)
  A lich (D)
  2 hydras (D)
  27 orcs (D)
  2 phantoms (D)
  2 skeletal warriors (D)
  3 large abominations (D)
  2 small abominations (D)
87 creatures vanquished.

Notes
Turn   | Place    | Note
-------+----------+-------------------------------------------
     0 | D        | Found the +∞ Axe of Woe
     0 | D        | Groucho the Demonspawn Assassin began the quest for the
                  | Orb.
     0 | D        | Reached XP level 1. HP: 16/16 MP: 1/1
     2 | D        | Noticed a bag of meat
     2 | D        | Noticed a bag of meat
     3 | D        | Noticed a bag of meat
     3 | D        | Noticed a bag of meat
     4 | D        | Became a worshipper of Makhleb the Destroyer
     4 | D        | Noticed a bag of meat
     5 | D        | Noticed a bag of meat
     5 | D        | Noticed a meat berserker
     8 | D        | Noticed a bag of meat
     9 | D        | Killed a meat berserker
     9 | D        | Gained mutation: You have sharp toenails. [demonic
                  | ancestry]
     9 | D        | Reached XP level 2. HP: 14/22 MP: 2/2
     9 | D        | Reached XP level 3. HP: 17/27 MP: 3/3
     9 | D        | Gained mutation: You have razor-sharp toenails. [demonic
                  | ancestry]
     9 | D        | Reached XP level 4. HP: 21/33 MP: 4/4
     9 | D        | Gained mutation: You are partially covered in yellow
                  | scales. (AC +2) [demonic ancestry]
     9 | D        | Reached XP level 5. HP: 24/38 MP: 5/5
     9 | D        | Reached XP level 6. HP: 28/44 MP: 6/6
     9 | D        | Gained mutation: When hurt, damage is shared between your
                  | health and your magic reserves. [demonic ancestry]
     9 | D        | Reached XP level 7. HP: 32/50 MP: 7/7
     9 | D        | Gained mutation: You sometimes gain a little power by
                  | taking damage. [demonic ancestry]
     9 | D        | Reached XP level 8. HP: 36/56 MP: 8/8
     9 | D        | Gained mutation: You have claws for feet. [demonic
                  | ancestry]
     9 | D        | Reached XP level 9. HP: 39/61 MP: 9/9
     9 | D        | Reached XP level 10. HP: 43/67 MP: 10/10
     9 | D        | Gained mutation: You are mostly covered in yellow scales.
                  | (AC +3) [demonic ancestry]
     9 | D        | Reached XP level 11. HP: 46/72 MP: 11/11
     9 | D        | Reached XP level 12. HP: 50/78 MP: 12/12
     9 | D        | Reached XP level 13. HP: 53/83 MP: 13/13
     9 | D        | Killed a bag of meat
     9 | D        | Reached * piety under Makhleb
     9 | D        | Noticed a meat berserker
    10 | D        | Killed a bag of meat
    10 | D        | Gained mutation: You regenerate magic rapidly. [demonic
                  | ancestry]
    10 | D        | Reached XP level 14. HP: 59/90 MP: 14/14
    10 | D        | Killed a bag of meat
    10 | D        | Killed a bag of meat
    10 | D        | Reached ** piety under Makhleb
    10 | D        | Gained mutation: You are completely covered in yellow
                  | scales. (AC +4, rCorr) [demonic ancestry]
    10 | D        | Reached XP level 15. HP: 62/95 MP: 15/15
    10 | D        | Noticed a meat berserker
    12 | D        | Noticed a meat berserker
    13 | D        | Killed a meat berserker
    13 | D        | Reached skill level 27 in Axes
    13 | D        | Reached skill level 27 in Dodging
    13 | D        | Reached XP level 16. HP: 134/134 MP: 16/16
    14 | D        | Reached *** piety under Makhleb
    14 | D        | Reached skill level 15 in Armour
    15 | D        | Killed a meat berserker
    15 | D        | Gained mutation: When low on magic, you restore magic in
                  | place of health. [demonic ancestry]
    15 | D        | Reached XP level 17. HP: 158/158 MP: 17/17
    16 | D        | Noticed a meat berserker
    17 | D        | Killed a meat berserker
    18 | D        | Noticed a large bag of meat
    19 | D        | Killed a large bag of meat
    19 | D        | Reached **** piety under Makhleb
    19 | D        | Reached XP level 18. HP: 122/181 MP: 11/18
    20 | D        | Noticed a meat berserker
    21 | D        | Killed a meat berserker
    21 | D        | Reached skill level 27 in Fighting
    21 | D        | Reached skill level 27 in Armour
    21 | D        | Killed a meat berserker
    21 | D        | Reached skill level 15 in Unarmed Combat
    21 | D        | Reached XP level 19. HP: 189/189 MP: 12/33
    22 | D        | Noticed a meat berserker
    23 | D        | Noticed a meat berserker
    27 | D        | Noticed a meat berserker
    28 | D        | Killed a meat berserker
    28 | D        | Reached ***** piety under Makhleb
    28 | D        | Reached skill level 27 in Invocations
    28 | D        | Killed a meat berserker
    31 | D        | Killed a meat berserker
    31 | D        | Reached skill level 27 in Unarmed Combat
    31 | D        | Reached skill level 10 in Short Blades
    31 | D        | Reached skill level 10 in Throwing
    31 | D        | Reached skill level 10 in Spellcasting
    31 | D        | Reached XP level 20. HP: 197/197 MP: 18/37
    35 | D        | Noticed an eight-headed meat hydra
    40 | D        | Noticed a destroyer
    41 | D        | Noticed a destroyer
    42 | D        | Noticed a meat berserker
    43 | D        | Reached XP level 21. HP: 153/204 MP: 27/42
    44 | D        | Killed a destroyer
    44 | D        | Reached ****** piety under Makhleb
    48 | D        | Killed a destroyer
    48 | D        | Reached XP level 22. HP: 212/212 MP: 31/50
    50 | D        | Noticed a large bag of meat
    51 | D        | Noticed a tyrant
    51 | D        | Noticed a destroyer
    53 | D        | Reached skill level 27 in Short Blades
    53 | D        | Reached skill level 27 in Throwing
    53 | D        | Reached skill level 27 in Spellcasting
    53 | D        | Reached skill level 10 in Stealth
    56 | D        | Noticed an accursed
    57 | D        | Killed a destroyer
    57 | D        | Gained mutation: You are robust. (+10% HP) [demonic
                  | ancestry]
    57 | D        | Reached XP level 23. HP: 212/240 MP: 27/54
    58 | D        | Killed a tyrant
    58 | D        | Reached skill level 27 in Stealth
    59 | D        | Noticed The Captor
    59 | D        | Reached skill level 27 in Long Blades
    60 | D        | Gained mutation: You are very robust. (+20% HP) [demonic
                  | ancestry]
    60 | D        | Reached XP level 24. HP: 240/272 MP: 27/54
    61 | D        | Killed a large bag of meat
    62 | D        | Noticed an accursed
    63 | D        | Noticed a destroyer
    63 | D        | Noticed a destroyer
    63 | D        | HP: 6/272 [accursed/divine providence (9)]
    64 | D        | Killed The Captor
    64 | D        | Gained mutation: You sometimes gain power by taking damage.
                  | [demonic ancestry]
    64 | D        | Reached XP level 25. HP: 68/280 MP: 1/54
    64 | D        | Gained mutation: You are extremely robust. (+30% HP)
                  | [demonic ancestry]
    64 | D        | Reached XP level 26. HP: 68/314 MP: 1/54
    64 | D        | Noticed a meat beast
    64 | D        | Noticed a destroyer
    65 | D        | Noticed a meat beast
    66 | D        | Noticed a dread
    67 | D        | Killed an accursed
    68 | D        | Gained mutation: You are powered by pain. [demonic
                  | ancestry]
    68 | D        | Reached XP level 27. HP: 157/323 MP: 5/54
    68 | D        | Killed a meat beast
    68 | D        | Noticed a large bag of meat
    69 | D        | Killed a meat beast
    69 | D        | Noticed a destroyer
    70 | D        | Killed a destroyer
    70 | D        | Noticed a destroyer
    70 | D        | Noticed a destroyer
    71 | D        | Noticed a destroyer
    71 | D        | Noticed a destroyer
    72 | D        | Killed a destroyer
    72 | D        | Killed a destroyer
    74 | D        | Killed a destroyer
    74 | D        | Killed a destroyer
    75 | D        | Killed a destroyer
    76 | D        | Killed a destroyer
    76 | D        | Killed a destroyer
    78 | D        | Killed a large bag of meat
    81 | D        | Killed a dread
    83 | D        | Killed an accursed
    84 | D        | Noticed a meat beast
    84 | D        | Noticed a meat beast
    86 | D        | Noticed a destroyer
    86 | D        | Noticed a dread
    88 | D        | Killed a meat beast
    88 | D        | Noticed a large bag of meat
    89 | D        | Noticed an accursed
    89 | D        | Killed a meat beast
    90 | D        | Noticed a dread
    91 | D        | Noticed a dread
    92 | D        | Killed a destroyer
    92 | D        | HP: 5/323 [dread/damnation (20)]
    92 | D        | Killed from afar by an observer

Levels and vault maps discovered:
D:        meatsprint

Skill      XL: |  1  2  3  4  5  6  7  8  9 10 11 12 13 14 15 16 17 18 19 20 21 22 23 |
---------------+----------------------------------------------------------------------+-----
Axes           | 20 23 25 27 | 27.0
Dodging        | 20 23 25 27 | 27.0
Fighting       | 14 21 26 27 | 27.0
Armour         | 13 19 24 27 | 27.0
Unarmed Combat | 15 27 | 27.0
Invocations    | 20 27 | 27.0
Short Blades   | 10 17 25 27 | 27.0
Throwing       | 10 17 24 27 | 27.0
Spellcasting   | 10 17 24 27 | 27.0
Stealth        | 23 27 | 27.0
Long Blades    | 17 27 | 27.0

Action                   |  1- 3 |  4- 6 |  7- 9 | 10-12 | 13-15 | 16-18 | 19-21 | 22-24 | 25-27 || total
-------------------------+-------+-------+-------+-------+-------+-------+-------+-------+-------++-------
Melee: Executioner's axe |     1 |       |       |       |     3 |     5 |    11 |    10 |    20 ||    50
  Use: Potion            |       |       |       |       |       |       |       |       |     1 ||     1
Dodge: Dodged            |       |       |       |       |     1 |     1 |     1 |     1 |     5 ||     9
